 Dungeon Crawl Stone Soup version 0.17-a0-1638-g2ccaed7 (console) character file.

365 Monkaria the Destroyer (level 6, -3/32 HPs)
             Began as a Deep Elf Conjurer on Aug 7, 2015.
             Slain by Duvessa
             ... wielding a +4 short sword of draining
              (12 damage)
             ... on level 4 of the Dungeon.
             The game lasted 00:08:22 (3744 turns).

Monkaria the Destroyer (Deep Elf Conjurer)          Turns: 3744, Time: 00:08:22

Health: -3/32      AC:  3    Str:  5    XL:     6   Next: 40%
Magic:  1/14       EV: 12    Int: 22    God:
Gold:   122        SH:  0    Dex: 15    Spells: 2 memorised, 10 levels left

rFire  . . .     SeeInvis .     (no weapon)
rCold  . . .     Clarity  +     a - +0 robe
rNeg   . . .     SustAt   .     (no shield)
rPois  .         Gourm    .     (no helmet)
rElec  .         Spirit   .     o - +0 cloak
rCorr  .         Warding  .     (no gloves)
rMut   .         Stasis   .     (no boots)
MR     .....                    i - amulet of clarity
Stlth  ++........               (no ring)
                                (no ring)

@: drained, not resistant to hostile enchantments, unstealthy
A: no striking features
a: no special abilities


You were on level 4 of the Dungeon.
You were not hungry.

You visited 2 branches of the dungeon, and saw 5 of its levels.

You collected 122 gold pieces.

Inventory:

Missiles
 s - 24 poisoned needles
Armour
 a - a +0 robe (worn)
 o - a +0 cloak (worn)
Jewellery
 i - an amulet of clarity (around neck)
 y - an uncursed amulet of rage
Scrolls
 f - 3 scrolls of identify {unknown}
 g - a scroll of remove curse {unknown}
 h - 2 scrolls of teleportation {unknown}
 m - a scroll of blinking {unknown}
 q - a scroll of magic mapping {unknown}
 r - 2 scrolls of immolation {unknown}
 u - a scroll of fear {unknown}
Potions
 e - 3 potions of curing
 j - a potion of cure mutation {unknown}
 k - 2 potions of flight {unknown}
 l - 4 potions of lignification {unknown}
 n - a potion of agility {unknown}
 p - a potion of might {unknown}
 t - a potion of resistance {unknown}
 x - a potion of brilliance {unknown}
Books
 b - a book of Conjurations

   Spells                             Type                      Level
   a - Magic Dart                     Conjuration                  1
   b - Searing Ray                    Conjuration                  2
   c - Dazzling Spray                 Conjuration/Hexes            3
   d - Fulminant Prism                Conjuration/Hexes            4
   e - Iskenderun's Mystic Blast      Conjuration                  4
   f - Iskenderun's Battlesphere      Conjuration/Charms           5
 z - a Young Poisoner's Handbook

   Spells                             Type                      Level
   a - Sting                          Conjuration/Poison           1
   b - Cure Poison                    Poison                       2
   c - Mephitic Cloud                 Conjuration/Poison/Air       3
   d - Olgreb's Toxic Radiance        Poison                       4
   e - Venom Bolt                     Conjuration/Poison           5
Comestibles
 c - 2 bread rations
 d - a meat ration
 w - 2 fruits
 A - a slice of pizza


   Skills:
 - Level 2.4(1.8) Dodging
 - Level 2.4(1.8) Stealth
 + Level 4.3(3.7) Spellcasting
 - Level 8.1(7.4) Conjurations


You had 10 spell levels left.
You knew the following spells:

 Your Spells              Type           Power        Failure   Level  Hunger
a - Magic Dart            Conj           ####         1%          1    None
b - Searing Ray           Conj           #####.       1%          2    #......


Dungeon Overview and Level Annotations

Branches:
Dungeon (4/15)             Temple (1/1) D:4

Altars:
Ashenzari
Cheibriados
Elyvilon
Fedhas
Gozag
Kikubaaqudgha
Makhleb
Nemelex Xobeh
Okawaru
Xom
Zin
The Shining One

Annotations:
D:4 Duvessa


Message History

Confirm with . or Enter, or press ? or * to list all spells.
Aiming: Searing Ray
Press: ? - help, Shift-Dir - straight line, f/p - Duvessa
Aim: Duvessa, wielding a short sword of draining (heavily wounded, berserk, fast, unusually strong)
The searing ray hits Duvessa.
Duvessa is heavily wounded.
Duvessa hits you with a short sword of draining!
You feel drained.
Duvessa hits you with a short sword of draining.
You feel drained.
* * * LOW HITPOINT WARNING * * *
Drink which item? (? for menu, Esc to quit)
Okay, then.
The searing ray hits Duvessa.
Duvessa is heavily wounded.
Duvessa barely misses you.
The searing ray hits Duvessa.
Duvessa is severely wounded.
Duvessa hits you with a short sword of draining!
You die...

##.##...........#
#...##.#.
#.########.#####
######.#. #.# #.#
#..# #.# #.#
####.## #.# #(#
+.#.## #.# #.###
#..## #.# #...##
##.#.## #.#
#....# ##...#.##
##@#####
#.......# #e# #.#
##...###.
........#
#.######.## ##
#########
#........# #
########## # #


You could see Duvessa (berserk).

Vanquished Creatures
  Dowan (D:4)
  A jelly (D:3)
  A hound (D:4)
  An orc wizard (D:3)
  A giant frog skeleton (D:4)
  A worker ant (D:3)
  4 gnolls (D:2)
  5 adders
  An ooze (D:1)
  An adder skeleton (D:4)
  5 orcs
  6 giant cockroaches
  9 hobgoblins
  10 jackals
  8 kobolds
  10 bats
  3 giant geckos
  4 giant newts
  6 goblins
  7 rats
85 creatures vanquished.

Notes
Turn   | Place    | Note
--------------------------------------------------------------
     0 | D:1      | Monkaria the Deep Elf Conjurer began the quest for the Orb.
     0 | D:1      | Reached XP level 1. HP: 10/10 MP: 6/6
   221 | D:1      | Reached XP level 2. HP: 15/15 MP: 2/8
   225 | D:1      | Learned a level 2 spell: Searing Ray
   227 | D:1      | Reached skill level 5 in Conjurations
   629 | D:1      | Reached XP level 3. HP: 19/19 MP: 4/9
  1112 | D:2      | Reached skill level 6 in Conjurations
  1142 | D:1      | Reached XP level 4. HP: 12/24 MP: 0/10
  1767 | D:2      | Found a shimmering altar of Xom.
  2052 | D:3      | Reached skill level 7 in Conjurations
  2052 | D:3      | Reached XP level 5. HP: 7/28 MP: 0/11
  3005 | D:4      | Found a staircase to the Ecumenical Temple.
  3092 | D:4      | Reached skill level 8 in Conjurations
  3092 | D:4      | Reached XP level 6. HP: 29/32 MP: 6/12
  3471 | Temple   | Entered the Ecumenical Temple
  3651 | D:4      | Found a burning altar of Makhleb.
  3733 | D:4      | Noticed Duvessa
  3733 | D:4      | Noticed Dowan
  3741 | D:4      | Killed Dowan
  3744 | D:4      | Slain by Duvessa

Vault maps used:
D:1:      ncdulo_halloftheorcs, minmay_misc_feat_secret_circle,
          minmay_misc_feat_rows
D:2:      tgw_xom, hangedman_abyss_or_decor_stabs
D:4:      makhleb_heckhound_becter, minmay_temple_entry_trees,
          grunt_ministairs_7, uniq_duvessa
Temple:   roderic_octagonal_lattice_temple

Action                   |  1- 3 |  4- 6 || total
-------------------------+-------+-------++-------
Melee: Unarmed           |     9 |     3 ||    12
 Cast: Magic Dart        |    74 |    85 ||   159
       Searing Ray       |       |     9 ||     9
  Use: Potion            |       |     2 ||     2
  Eat: Chunk             |       |     7 ||     7
       Beef jerky        |       |     1 ||     1
